 Dungeon Crawl Stone Soup version 0.23.2 (webtiles) character file.

Game seed: 13971753183404640465

4671 Norn the Transmogrifier (level 10, -3/82 (83) HPs)
             Began as a Pale Draconian Transmuter on Mar 31, 2019.
             Was a Follower of Makhleb.
             Succumbed to a death drake's dark miasma
             ... on level 1 of the Abyss.
             The game lasted 00:28:50 (12106 turns).

Norn the Transmogrifier (DrTm)                     Turns: 12106, Time: 00:28:50

HP:   -3/82 (83)    AC: 10    Str: 14    XL:     10   Next: 21%
MP:   16/16         EV: 14    Int: 16    God:    Makhleb [*.....]
Gold: 299           SH:  0    Dex: 11    Spells: 2/17 levels left

rFire    + . .     SeeInvis .   a - +2 dagger (venom)
rCold    . . .     Gourm    .   (no shield)
rNeg     . . .     Faith    .   (armour unavailable)
rPois    .         Spirit   .   (helmet restricted)
rElec    .         Reflect  .   D - +2 cloak
rCorr    .         Harm     .   (no gloves)
MR       .....                  (no boots)
Stlth    +.........             (no amulet)
HPRegen  0.00/turn              i - ring of protection from fire
MPRegen  0.15/turn              (no ring)

@: lethally poisoned (-3 -> -67), non-regenerating, diseased
A: breathe steam, unfitting armour, cold-blooded, AC +7
a: Breathe Steam, Renounce Religion


You were on level 1 of the Abyss.
You worshipped Makhleb.
Makhleb was aware of your devotion.
You were not hungry.

You visited 2 branches of the dungeon, and saw 9 of its levels.
You visited the Abyss 1 time.
You also visited: Sewer.

You collected 449 gold pieces.
You spent 150 gold pieces at shops.

Inventory:

Hand Weapons
 a - a +2 dagger of venom (weapon)
   (You took it off an orc wizard on level 2 of the Dungeon)
 t - a +0 blowgun
   (You took it off a kobold in a sewer)
 H - a +4 short sword of electrocution
   (You took it off Harold on level 7 of the Dungeon)
Missiles
 h - 110 arrows
 m - 245 stones (quivered)
 u - 6 curare-tipped needles {!f}
 z - 14 poisoned needles
 G - 2 throwing nets {!f}
Armour
 D - a +2 cloak (worn)
   (You bought it in a shop on level 6 of the Dungeon)
Jewellery
 d - an uncursed amulet of faith {!P}
   (You found it on level 1 of the Dungeon)
 i - a ring of protection from fire (left hand)
   (You found it on level 6 of the Dungeon)
 I - a cursed ring of attention {unknown}
   (You found it on level 1 of the Abyss)
Wands
 x - a wand of acid (15)
   (You found it on level 5 of the Dungeon)
 J - a wand of scattershot (4)
   (You found it on level 8 of the Dungeon)
Scrolls
 f - 4 scrolls of remove curse {@r2}
 k - a scroll of amnesia {unknown}
 n - a scroll of enchant armour {unknown}
 p - 6 scrolls of identify {@r1}
 r - 2 scrolls of magic mapping
 w - a scroll of noise {unknown}
 y - a scroll of blinking
 A - 2 scrolls of fear
Potions
 b - 4 potions of brilliance
 g - a potion of agility
 j - a potion of invisibility {unknown}
 l - a potion of lignification {unknown}
 o - 2 potions of magic {unknown}
 q - a potion of haste {unknown}
 v - 3 potions of flight
 B - a potion of resistance {unknown}
 E - a potion of mutation {unknown}
 F - a potion of cancellation {unknown}
Comestibles
 e - 3 rations {!d}


   Skills:
 + Level 6.2 Fighting
 + Level 5.4 Dodging
 + Level 7.6 Unarmed Combat
 - Level 4.0 Spellcasting
 - Level 10.0 Transmutations


You had 2 spell levels left.
You knew the following spells:

 Your Spells              Type           Power        Failure   Level  Hunger
a - Blade Hands           Tmut           #####.....   8%          5    ######.
b - Beastly Appendage     Tmut           #####.       1%          1    None
c - Ice Form              Ice/Tmut       ###.....     22%         4    ####...
s - Sticks to Snakes      Tmut           #####...     1%          2    ##.....
x - Spider Form           Tmut/Pois      ###.......   6%          3    ###....

Your spell library contained the following spells:

 Spells                   Type           Power        Failure   Level  Hunger


Dungeon Overview and Level Annotations

Branches:
Dungeon (8/15)             Temple (1/1) D:6
   Lair: D:8-11

Altars:
Ashenzari
Cheibriados
Dithmenos
Elyvilon
Fedhas
Gozag
Hepliaklqana
Kikubaaqudgha
Makhleb
Nemelex Xobeh
Okawaru
Qazlal
Ru
Sif Muna
Trog
Uskayaw
Vehumet
Wu Jian
Xom
Yredelemnul
Zin
The Shining One
Beogh

Shops:
D:6 [

Annotations:
D:4 3 runed translucent doors, P0WERM0DE's ghost, amateur VSFi
D:8 Psyche


Innate Abilities, Weirdness & Mutations

You can breathe blasts of scalding, opaque steam.
Your pale cyan-grey scales are hard. (AC +7)
You cannot fit into any form of body armour.
You are cold-blooded and may be slowed by cold attacks.


Message History

Your ball python bites the ancient zyme.
Your ball python constricts the ancient zyme.
Your ball python bites the ancient zyme but does no damage.
The ancient zyme closely misses you. The ancient zyme barely misses you.
You slice the ancient zyme!!
Your adder bites the ancient zyme but does no damage.
Your ball python bites the ancient zyme but does no damage. x2
Your ball python constricts the ancient zyme.
Your ball python bites the ancient zyme but does no damage.
You slash the ancient zyme!
You destroy the ancient zyme!
Makhleb accepts your kill.
You feel better.
You swap places.
You start resting.
You can no longer harness Makhleb's destructive might.
You start resting.
Your ball python withers and dies!
Your transformation is almost over.
Your hands revert to their normal proportions.
Your +2 dagger of venom unmelds from your body.
Your +2 dagger of venom begins to drip with poison!
Your magical contamination has completely faded away.
Your ball python withers and dies! x2
Your adder withers and dies!
A rust devil comes into view.
Okay, then.
As you read the scroll of teleportation {@r4}, it crumbles to dust.
You feel strangely unstable.
You feel the power of the Abyss delaying your translocation!
It was a potion of agility.
You feel agile all of a sudden.
You start resting.
You are suddenly pulled into a different region of the Abyss!
Found 13 stones.
You feel a little less agile now.
You enter the shallow water.
Moving in this stuff is going to be slow.
A death drake materialises.
A death drake is nearby!
The death drake hisses angrily.
The death drake breathes miasma at you. The foul vapour engulfs you!
You are lethally poisoned!
* * * LOW HITPOINT WARNING * * *
You are engulfed in dark miasma.
You are more poisoned.
You feel your flesh rotting away!
You feel ill.
* * * LOW HITPOINT WARNING * * *
You die...

#. .. #.. #. ....#.#
#.#.#.. # ## .
.#.....#. .# .##
........####.##..
.......○.##....#.
......○@○○○.#...#
.#.....#☼○○..#
##...##○☼○..### .#
#.... #.#.☼☼..### ..#
.....
..###..k#...#..###
........
#...#.###..#.≈≈
............#.#..
.#≈≈♣≈
.#.....#..####.#≈#..≈
.. #...##...
#...≈§≈§≈≈≈


You could see a death drake.

Vanquished Creatures
  2 ancient zymes (Abyss:1)
  A troll (D:5)
  A hippogriff (D:7)
  Duvessa (D:4)
  2 orc warriors
  2 phantoms
  An ice beast (D:7)
  2 ogres
  3 centaurs
  2 crocodiles
  2 big kobolds (Sewer)
  3 bullfrogs
  Dowan (D:4)
  A scorpion (D:8)
  5 wights (D:8)
  16 killer bees
  A small abomination (Abyss:1)
  A bullfrog zombie (D:7)
  5 crimson imps
  A centaur zombie (D:7)
  2 hounds
  2 orc priests
  6 orc wizards
  2 iguanas (D:5)
  2 worker ants
  A hound zombie (D:5)
  A gnoll (D:3)
  A river rat (Sewer)
  7 adders
  A howler monkey skeleton (D:5)
  3 oozes
  An adder skeleton (D:2)
  4 worms
  4 dart slugs (D:1)
  8 leopard geckos
  34 orcs
  10 ball pythons
  6 bats
  5 giant cockroaches
  6 goblins
  6 hobgoblins
  3 jackals
  14 kobolds
  4 quokkas
  7 frilled lizards
  A jackal skeleton (D:3)
  6 rats
200 creatures vanquished.

Vanquished Creatures (collateral kills)
  Harold (D:7)
1 creature vanquished.

Grand Total: 201 creatures vanquished

Notes
Turn   | Place    | Note
-------+----------+-------------------------------------------
     0 | D:1      | Norn the Draconian Transmuter began the quest for the Orb.
     0 | D:1      | Reached XP level 1. HP: 16/16 MP: 3/3
   305 | D:1      | Reached XP level 2. HP: 23/23 MP: 3/5
   501 | D:1      | Reached XP level 3. HP: 28/28 MP: 4/6
  1067 | D:2      | Learned a level 2 spell: Sticks to Snakes
  1071 | D:2      | Learned a level 3 spell: Spider Form
  1499 | D:2      | Reached XP level 4. HP: 35/35 MP: 7/7
  1777 | D:2      | Reached skill level 5 in Unarmed Combat
  1800 | D:2      | Found a sacrificial altar of Ru.
  2085 | D:3      | Reached skill level 3 in Transmutations
  2085 | D:3      | Reached XP level 5. HP: 37/40 MP: 8/8
  2239 | D:3      | Found a faded altar of an unknown god.
  2480 | D:3      | Found a glowing drain.
  2484 | Sewer    | Entered a sewer
  2603 | Sewer    | Reached skill level 4 in Transmutations
  2603 | Sewer    | Reached XP level 6. HP: 33/47 MP: 10/10
  3890 | D:4      | Reached skill level 5 in Transmutations
  4081 | D:4      | Your scales start taking on a pale cyan-grey colour.
  4081 | D:4      | Reached XP level 7. HP: 50/52 MP: 12/12
  4450 | D:4      | Noticed Dowan
  4450 | D:4      | Noticed Duvessa
  4625 | D:4      | Reached skill level 6 in Transmutations
  4814 | D:4      | Found a runed translucent gate.
  4815 | D:4      | Found a runed translucent gate.
  4815 | D:4      | Noticed P0WERM0DE's ghost (amateur VSFi)
  4816 | D:4      | Found a runed translucent gate.
  5004 | D:4      | Found a roughly hewn altar of Beogh.
  5333 | D:4      | Killed Duvessa
  5468 | D:4      | Killed Dowan
  5468 | D:4      | Reached skill level 7 in Transmutations
  6066 | D:5      | Entered Level 5 of the Dungeon
  6430 | D:5      | Reached XP level 8. HP: 31/59 MP: 9/14
  6834 | D:5      | Reached skill level 8 in Transmutations
  7295 | D:5      | Noticed a troll
  7409 | D:5      | Killed a troll
  7409 | D:5      | Reached skill level 9 in Transmutations
  7891 | D:6      | Found a staircase to the Ecumenical Temple.
  7914 | Temple   | Entered the Ecumenical Temple
  8090 | Temple   | Learned a level 5 spell: Blade Hands
  8095 | Temple   | Learned a level 4 spell: Ice Form
  8099 | Temple   | Became a worshipper of Makhleb the Destroyer
  8263 | D:6      | Found Deynn's Antique Armour Emporium.
  8268 | D:6      | Bought a runed cloak for 150 gold pieces
  8475 | D:6      | Reached skill level 10 in Transmutations
  9106 | D:7      | Reached XP level 9. HP: 34/67 MP: 11/15
  9430 | D:7      | Reached * piety under Makhleb
  9871 | D:7      | Noticed Harold
 10019 | D:7      | Killed Harold
 10404 | D:7      | Found a deep blue altar of Sif Muna.
 10477 | D:7      | Reached skill level 5 in Fighting
 11343 | D:8      | Noticed Psyche
 11437 | D:8      | Reached XP level 10. HP: 76/82 MP: 11/16
 11481 | D:8      | Reached skill level 5 in Dodging
 11585 | D:8      | Reached ** piety under Makhleb
 11766 | D:8      | Cast into level 1 of the Abyss (Psyche)
 11796 | Abyss:1  | Noticed a smoke demon
 11933 | Abyss:1  | HP: 3/83 [ancient zyme (5)]
 12045 | Abyss:1  | Noticed a rust devil
 12100 | Abyss:1  | Noticed a death drake
 12106 | Abyss:1  | HP: 2/82 [death drake] (9)]
 12106 | Abyss:1  | Succumbed to a death drake's dark miasma

Skill      XL: |  1  2  3  4  5  6  7  8  9 10 |
---------------+-------------------------------+-----
Unarmed Combat | 4 5 7 |  7.6
Transmutations | 3 4 5 7 10 | 10.0
Spellcasting   | 3 4 |  4.0
Dodging        | 2 4 5 |  5.4
Fighting       | 2 5 6 |  6.2

Action                   |  1- 3 |  4- 6 |  7- 9 | 10-12 || total
-------------------------+-------+-------+-------+-------++-------
Melee: Unarmed           |   130 |    48 |   279 |    32 ||   489
       Tailslap          |    10 |    14 |    18 |     1 ||    43
       Kick              |     5 |     1 |       |       ||     6
       Headbutt          |     5 |     1 |       |       ||     6
       Dagger            |       |   160 |   120 |     7 ||   287
       Punch             |       |     3 |     2 |       ||     5
 Cast: Beastly Appendage |    16 |     3 |       |       ||    19
       Sticks to Snakes  |       |     4 |    17 |     4 ||    25
       Spider Form       |       |     3 |    35 |       ||    38
       Blade Hands       |       |       |     5 |     5 ||    10
       Ice Form          |       |       |     2 |     2 ||     4
 Abil: End Transformatio |       |       |     1 |       ||     1
       Breathe Steam     |       |       |     1 |       ||     1
Evoke: Wand              |       |       |     1 |       ||     1
  Use: Potion            |       |     1 |     1 |     3 ||     5
       Scroll            |       |    10 |     3 |     3 ||    16
 Stab: Invisible         |       |     1 |       |       ||     1
       Paralysed         |       |     1 |       |       ||     1
       Sleeping          |       |     1 |     1 |       ||     2
       Distracted        |       |     1 |       |       ||     1
  Eat: Chunk             |     2 |     7 |    21 |     4 ||    34
       Ration            |       |     1 |     2 |     1 ||     4
Armor: Skin              |    28 |    58 |    69 |    13 ||   168
Dodge: Dodged            |    89 |   142 |   301 |    33 ||   565
